AoeStats
← buz

Arabia

506419881Analyzed
2v2 RM · 18d ago on Sep 13, 2026· 46m 49s· 4 players
Game mode
Random Map
Map size
Medium (4 player)
Population
200
Speed
Normal
Resources
Standard
Victory
Conquest
Starting age
Dark Age
Ending age
Imperial Age
RankedLock teamsTeams togetherTeam positionsShared explorationLock speedFull tech treeHidden civsTurbo modeCheats
Victory
Defeat
🇫🇮 Chinese · Finland
864
+13
🇦🇹 Persians · Austria
797
+15
🇫🇷 Bulgarians · France
792
-14
🇫🇷 Ethiopians · France
791
-14
Quan-Chan
4:15 Loom
19:00 Feudal Age
24:44 Castle Age
24:18 Horse Collar
24:26 Double-Bit Axe
25:20 Wheelbarrow
29:30 Bow Saw
30:10 Gold Mining
36:01 Imperial Age
33:51 Heavy Plow
34:30 Hand Cart
34:11 Town Watch
36:02 Gold Shaft Mining
37:01 Crop Rotation
37:50 Two-Man Saw
37:36 Scale Barding Armor
37:42 Forging
37:22 Cavalier
38:03 Husbandry
38:20 Bloodlines
38:44 Chain Barding Armor
39:22 Savar
41:00 Plate Barding Armor
41:05 Iron Casting
42:34 Town Patrol
44:02 Blast Furnace
Rangerdick
0:36 Loom
13:02 Feudal Age
14:00 Double-Bit Axe
15:16 Wheelbarrow
15:28 Gold Mining
17:20 Town Watch
19:44 Forging
21:58 Scale Barding Armor
22:06 Bloodlines
26:42 Horse Collar
27:11 Stone Mining
30:31 Castle Age
29:09 Scale Mail Armor
29:09 Padded Archer Armor
29:03 Fletching
30:57 Pikeman
31:51 Squires
33:18 Heavy Plow
36:14 Bow Saw
35:36 Elite Skirmisher
36:14 Arson
36:34 Husbandry
36:57 Light Cavalry
39:45 Gold Shaft Mining
42:56 Stone Shaft Mining
42:51 Thumb Ring
43:49 Hand Cart
46:29 Imperial Age
44:47 Ballistics
45:48 Leather Archer Armor
46:09 Iron Casting
46:27 Town Patrol
46:51 Chain Mail Armor
46:57 Chain Barding Armor
46:35 Murder Holes
46:51 Masonry
46:47 Capped Ram
memex
9:06 Loom
31:32 Feudal Age
33:12 Wheelbarrow
32:48 Double-Bit Axe
33:16 Horse Collar
33:26 Town Watch
39:50 Castle Age
38:17 Gold Mining
42:04 Pikeman
42:46 Squires
43:05 Stone Mining
buz
8:09 Loom
10:39 Feudal Age
14:23 Fletching
27:43 Castle Age
26:23 Double-Bit Axe
26:37 Gold Mining
27:52 Wheelbarrow
28:37 Squires
28:39 Crossbowman
30:57 Bodkin Arrow
31:20 Forging
31:12 Padded Archer Armor
31:13 Scale Mail Armor
32:54 Town Watch
33:34 Arson
39:11 Imperial Age
36:59 Hand Cart
37:53 Ballistics
38:11 Town Patrol
38:45 Leather Archer Armor
39:07 Iron Casting
39:45 Halberdier
Connection lost

Rejoining the realm…

Still unreachable

The connection could not be restored.

Session expired

The server has moved on; the page needs a fresh start.